 Dungeon Crawl Stone Soup version 0.25-a0-713-g4845790 (webtiles) character file.

Game seed: 3819537793448795479, levelgen mode: deterministic

12525 Trolling the Grappler (level 11, -12/111 HPs)
             Began as a Troll Fighter on Apr 5, 2020.
             Was a High Priest of Okawaru.
             Engulfed by a revenant's spectral mist (14 damage)
             ... on level 1 of the Abyss.
             The game lasted 00:27:01 (7320 turns).

Trolling the Grappler (Troll Fighter)               Turns: 7320, Time: 00:27:02

Health: -12/111    AC: 14    Str: 28 (29) XL:     11   Next: 63%
Magic:  12/12      EV:  9    Int:  1 (2)  God:    Okawaru [*****.]
Gold:   579        SH: 10    Dex:  6 (9)  Spells: 10/10 levels left

rFire    . . .     SeeInvis +     - Unarmed
rCold    . . .     Gourm    +   r - +0 kite shield
rNeg     . . .     Faith    .   L - +0 steam dragon scales
rPois    +         Spirit   .   S - +2 hat {SInv}
rElec    .         Reflect  .   M - +0 cloak
rCorr    .         Harm     .   (gloves unavailable)
MR       .....                  (boots unavailable)
Stlth    +.........             N - amulet of rage
HPRegen  0.68/turn              F - +2 ring of protection
MPRegen  0.13/turn              m - +4 ring of slaying

@: drained
A: large, unfitting armour, claws 3, horns 1, dopey 1, fast metabolism 3,
gourmand, poison resistance, regeneration 1, shaggy fur 1, tough skin 3,
evolution 1
a: Heroism, Finesse, Renounce Religion, Evoke Berserk Rage


You were on level 1 of the Abyss.
You worshipped Okawaru.
Okawaru was extremely pleased with you.
You were not hungry.

You visited 1 branch of the dungeon, and saw 11 of its levels.
You visited the Abyss 2 times.

You collected 579 gold pieces.

Inventory:

Hand Weapons
 b - a +0 hunting sling
Missiles
 a - 3 curare-tipped darts
 j - 70 sling bullets
 o - 14 boomerangs
 p - 392 stones
 t - 5 silver javelins
 x - 4 boomerangs of dispersal
 B - 26 poisoned darts
 G - a throwing net (quivered)
 R - 7 javelins
Armour
 f - the +0 cloak of Sin {rElec rC- Int+4}
   (You found it on level 7 of the Dungeon)

   It affects your intelligence (+4).
   It makes you vulnerable to cold.
   It insulates you from electricity.
 r - a +0 kite shield (worn)
 v - the +3 robe of Darphero {rPois MR- Int+3 SInv}
   (You found it on level 6 of the Dungeon)

   It affects your intelligence (+3).
   It protects you from poison.
   It affects your resistance to hostile enchantments.
   It lets you see invisible.
 L - +0 steam dragon scales (worn)
 M - a +0 cloak (worn)
 S - a +2 hat of see invisible (worn)
Jewellery
 e - an uncursed ring of resist corrosion
 m - a +4 ring of slaying (right claw)
 E - an uncursed ring of magical power
 F - a +2 ring of protection (left claw)
 N - an amulet of rage (around neck)
Wands
 D - a wand of iceblast (11)
 I - a wand of flame (17)
 P - a wand of acid (5)
 T - a wand of random effects (20)
Scrolls
 g - 4 scrolls of fear
 i - 9 scrolls of remove curse
 k - a scroll of fog {unknown}
 s - 4 scrolls of teleportation
 u - a scroll of enchant armour
 y - a scroll of magic mapping
 Q - a scroll of brand weapon
Potions
 c - a potion of might
 n - 2 potions of flight
 w - 2 potions of heal wounds {unknown}
 z - 3 potions of curing
 A - a potion of mutation
 C - a potion of resistance {unknown}
 H - a potion of berserk rage {unknown}
 J - 2 potions of haste
 O - a potion of degeneration
Comestibles
 d - 27 rations


   Skills:
 + Level 7.9(7.2) Fighting
 - Level 2.4(1.8) Dodging
 + Level 7.9(7.2) Shields
 * Level 12.4(11.7) Unarmed Combat
 + Level 3.5(2.9) Invocations
 + Level 3.1(2.6) Evocations


You had 10 spell levels left.
You didn't know any spells.
Your spell library contained the following spells:

 Spells                   Type           Power        Failure   Level  Hunger
 Sandblast                Erth           #.....       71%         1    ##.....
 Passwall                 Tmut/Erth      #.......     83%         2    ###....
 Confusing Touch          Hex            #.......     97%         3    ####...
 Gell's Gravitas          Tloc           #.........   97%         3    ####...
 Stone Arrow              Conj/Erth      #.....       97%         3    ####...
 Petrify                  Tmut/Erth      #.......     100%        4    #####..
 Lee's Rapid Deconstruct  Erth           #.........   100%        5    ######.
 Metabolic Englaciation   Hex/Ice        #.........   100%        5    ######.
 Yara's Violent Unravell  Hex/Tmut       #.........   100%        5    ######.


Dungeon Overview and Level Annotations

Branches:
Dungeon (11/15)            Temple (0/1) D:5            Lair (0/6) D:9
    Orc: D:9-12

Altars:
Ashenzari
Dithmenos
Elyvilon
Gozag
Hepliaklqana
Kikubaaqudgha
Makhleb
Okawaru
Ru
Sif Muna
Uskayaw
Vehumet
Zin

Annotations:
D:10 Sonja


Innate Abilities, Weirdness & Mutations

You are too large for most types of armour.
You have claws for hands.
Your metabolism is lightning-fast.
You like to eat raw meat.
Your natural rate of healing is unusually fast.
You are covered in fur. (AC +1)
You have extremely tough skin. (AC +3)
You have a pair of small horns on your head.
You are dopey. (Int -2)
Your system is resistant to poisons. (rPois)
You evolve.


Message History

The bone dragon claws you.
* * * LOW HITPOINT WARNING * * *
You block the bone dragon's attack.
It was a potion of mutation.
You feel extremely strange.
You feel nature experimenting on you.
Don't worry, failures die fast.
A pair of horns grows on your head!
You feel stupid.
You feel resistant to poisons.
You are engulfed in spectral mist.
* * * LOW HITPOINT WARNING * * *
The ufetubus is engulfed in spectral mist. x2
You block the ufetubus's attack. x2
The ynoxinul is engulfed in spectral mist.
The bone dragon bites you.
* * * LOW HITPOINT WARNING * * *
The bone dragon closely misses you.
The bone dragon tramples you but does no damage.
It was a potion of cancellation.
You feel strangely stable.
You feel magically purged.
You are engulfed in spectral mist.
You die...

..§#.##§# .....#.#
#∩###.# #..#..##
##......###
#......#..#
#..☼L3.§..
#.☼☼D5#. § ##.§5@#
# #.###§..# #.#
.......
..............#..#
. #...........#..#
#...$#.. #...##
##.. ....#...#
........##..#
#.$#.##.## #


You could see a bone dragon, a revenant, a ynoxinul and 2 ufetubi.

Vanquished Creatures
  A tentacled starspawn (Abyss:2)
  Harold (D:7)
  Erolcha (D:9)
  2 thrashing horrors (Abyss:2)
  Pikel (D:9)
  An ugly thing (D:9)
  Maggie (D:8)
  A queen bee (D:8)
  2 wraiths
  A wyvern (D:10)
  Eustachio (D:5)
  Grum (D:9)
  4 yaks (D:10)
  A fire elemental (Abyss:2)
  A steam dragon (D:7)
  2 large abominations (Abyss:2)
  A porcupine (D:9)
  3 orc warriors
  4 slaves (D:9)
  3 sky beasts
  An ice beast (D:5)
  A black bear (D:5)
  4 phantoms
  4 wolves (D:9)
  4 centaurs
  An ogre (D:8)
  4 crocodiles
  6 bullfrogs
  A water moccasin zombie (D:5)
  2 scorpions
  5 wights (D:6)
  13 killer bees (D:8)
  3 howler monkeys
  3 crimson imps
  A hound (D:4)
  2 gnoll shamans
  2 quasits
  A jelly (D:5)
  Crazy Yiuf (D:6)
  6 orc priests
  A centaur skeleton (D:7)
  A bullfrog skeleton (D:11)
  7 orc wizards
  6 iguanas
  10 worker ants
  14 adders
  9 gnolls
  2 shadow imps
  A white imp (Abyss:2)
  2 oozes
  2 adder skeletons
  3 worms (D:2)
  4 dart slugs
  4 leopard geckos
  37 orcs
  7 bats
  4 giant cockroaches
  6 hobgoblins
  13 jackals
  8 quokkas
  A ball python (D:1)
  8 frilled lizards
  16 goblins
  A jackal skeleton (D:4)
  3 kobolds
  A quokka skeleton (D:5)
  6 rats
275 creatures vanquished.

Vanquished Creatures (others)
  A fungus (Abyss:2)
  5 starspawn tentacles (Abyss:2)
6 creatures vanquished.

Grand Total: 281 creatures vanquished

Notes
Turn   | Place    | Note
-------+----------+-------------------------------------------
     0 | D:1      | Trolling the Troll Fighter began the quest for the Orb.
     0 | D:1      | Reached XP level 1. HP: 22/22 MP: 0/0
    49 | D:1      | Reached XP level 2. HP: 25/29 MP: 1/1
   593 | D:2      | Reached XP level 3. HP: 32/36 MP: 2/2
   602 | D:2      | Reached skill level 3 in Unarmed Combat
   905 | D:2      | Reached XP level 4. HP: 39/44 MP: 3/3
  1159 | D:2      | Found an opulent altar of Gozag.
  1159 | D:2      | Found a shimmering blue altar of Sif Muna.
  1160 | D:2      | Found a white marble altar of Elyvilon.
  1213 | D:2      | Reached skill level 4 in Unarmed Combat
  1213 | D:2      | Reached XP level 5. HP: 34/53 MP: 4/4
  1539 | D:3      | Found a shattered altar of Ashenzari.
  1540 | D:3      | Found a burning altar of Makhleb.
  1722 | D:3      | Found an ancient bone altar of Kikubaaqudgha.
  1914 | D:4      | Noticed a phantom
  1928 | D:4      | Killed a phantom
  1928 | D:4      | Reached XP level 6. HP: 58/61 MP: 5/5
  1935 | D:4      | Found a hazy altar of Hepliaklqana.
  1964 | D:4      | Reached skill level 5 in Unarmed Combat
  2140 | D:4      | Reached XP level 7. HP: 59/68 MP: 6/6
  2293 | D:4      | Reached skill level 6 in Unarmed Combat
  2551 | D:5      | Entered Level 5 of the Dungeon
  2717 | D:5      | Found an iron altar of Okawaru.
  2757 | D:5      | Noticed Eustachio
  2774 | D:5      | Killed Eustachio
  2774 | D:5      | Reached skill level 7 in Unarmed Combat
  2774 | D:5      | Reached XP level 8. HP: 79/79 MP: 7/7
  2808 | D:5      | Became a worshipper of Warmaster Okawaru
  2835 | D:5      | Found a staircase to the Ecumenical Temple.
  3024 | D:5      | Reached skill level 1 in Invocations
  3229 | D:5      | Found a shadowy altar of Dithmenos.
  3372 | D:6      | Got a slimy robe
  3383 | D:6      | Identified the +3 robe of Darphero {rPois MR- Int+3 SInv}
                  | (You found it on level 6 of the Dungeon)
  3502 | D:6      | Reached skill level 5 in Fighting
  3502 | D:6      | Reached skill level 5 in Shields
  3504 | D:6      | Reached * piety under Okawaru
  3511 | D:6      | Reached skill level 8 in Unarmed Combat
  3552 | D:6      | Found a sacrificial altar of Ru.
  3734 | D:6      | Found a glowing silver altar of Zin.
  3875 | D:6      | Found a runed translucent door.
  3876 | D:6      | Noticed Crazy Yiuf
  3881 | D:6      | Killed Crazy Yiuf
  3969 | D:7      | Noticed Harold
  3988 | D:7      | Killed Harold
  3988 | D:7      | Reached ** piety under Okawaru
  3988 | D:7      | Reached skill level 9 in Unarmed Combat
  3988 | D:7      | Reached XP level 9. HP: 71/89 MP: 6/9
  4013 | D:7      | Reached *** piety under Okawaru
  4282 | D:7      | Found a radiant altar of Vehumet.
  4456 | D:7      | Got a smoking cloak
  4467 | D:7      | Identified the +0 cloak of Sin {rElec rC- Int+4} (You found
                  | it on level 7 of the Dungeon)
  4687 | D:8      | Noticed Maggie
  4696 | D:8      | Killed Maggie
  4696 | D:8      | Reached skill level 10 in Unarmed Combat
  4787 | D:8      | Reached XP level 10. HP: 88/100 MP: 7/10
  4801 | D:8      | Reached **** piety under Okawaru
  5141 | D:8      | Reached skill level 11 in Unarmed Combat
  5348 | D:9      | Noticed a white ugly thing
  5686 | D:9      | Noticed Erolcha
  5693 | D:9      | Killed Erolcha
  5693 | D:9      | Reached ***** piety under Okawaru
  5693 | D:9      | Reached skill level 1 in Evocations
  5748 | D:9      | Found a hide-covered altar of Uskayaw.
  5807 | D:9      | Received a gift from Okawaru
  5814 | D:9      | Noticed Grum
  5822 | D:9      | Killed Grum
  5959 | D:9      | Found a staircase to the Lair.
  5995 | D:9      | Noticed a white ugly thing
  5996 | D:9      | Noticed Pikel
  6005 | D:9      | Killed a white ugly thing
  6020 | D:9      | Killed Pikel
  6020 | D:9      | Reached XP level 11. HP: 109/109 MP: 4/11
  6235 | D:10     | Entered Level 10 of the Dungeon
  6578 | D:10     | Noticed Sonja
  6592 | D:10     | Cast into level 2 of the Abyss (Sonja)
  6592 | Abyss:2  | Found a corrupted altar of Lugonu.
  6645 | Abyss:2  | Noticed a thrashing horror
  6654 | Abyss:2  | Killed a thrashing horror
  6654 | Abyss:2  | Reached skill level 12 in Unarmed Combat
  6690 | Abyss:2  | Noticed a wretched star
  6691 | Abyss:2  | Noticed a hell hog
  6691 | Abyss:2  | Noticed a hell hog
  6691 | Abyss:2  | Noticed a hell hog
  6696 | Abyss:2  | Noticed a thrashing horror
  6696 | Abyss:2  | Noticed a thrashing horror
  6707 | Abyss:2  | Noticed a brown very ugly thing
  6708 | Abyss:2  | Noticed a brown very ugly thing
  6948 | Abyss:2  | Noticed a thrashing horror
  6952 | Abyss:2  | Killed a thrashing horror
  6954 | Abyss:2  | Noticed a tentacled starspawn
  6984 | Abyss:2  | Killed a tentacled starspawn
  6992 | D:10     | Escaped the Abyss
  7304 | D:10     | Cast into level 1 of the Abyss (Sonja)
  7308 | Abyss:1  | Noticed a bone dragon
  7311 | Abyss:1  | Noticed a revenant
  7319 | Abyss:1  | Gained mutation: You evolve. [potion of mutation]
  7319 | Abyss:1  | Gained mutation: You have a pair of small horns on your
                  | head. [potion of mutation]
  7319 | Abyss:1  | Gained mutation: You are dopey. (Int -2) [potion of
                  | mutation]
  7319 | Abyss:1  | Gained mutation: Your system is resistant to poisons.
                  | (rPois) [potion of mutation]
  7319 | Abyss:1  | HP: 2/111 [bone dragon (6)]
  7320 | Abyss:1  | Engulfed by a revenant's spectral mist

Levels and vault maps discovered:
D:1:      scummos_arrival_simple_crosswalls, layout_rooms,
          minmay_misc_feat_pillars
D:2:      layout_rooms, gammafunk_temple_overflow_claw, minmay_goblin_outpost
D:3:      layout_rooms, lemuel_coloured_pillars_altar,
          gammafunk_temple_overflow_pools
D:4:      minmay_octagon_keep, layout_basic, nicolae_overflow_crystal_walls,
          first_ration
D:5:      layout_loops_ring, kennysheep_little_box, temple_doors_e,
          okawaru_metal_pillars_1_2, uniq_eustachio
D:6:      layout_cave_pools, old_standard_altar, zin_scriptorium,
          uniq_crazy_yiuf_cottage
D:7:      layout_gridville, lemuel_doored_altar, uniq_harold
D:8:      layout_rooms, david_nohive_1, uniq_maggie
D:9:      layout_roguey, kennysheep_mini_moat, grunt_lair_entry_orc_guard_hut,
          uniq_grum, uniq_pikel, uniq_erolcha
D:10:     layout_rooms, kennysheep_generic_room_4, uniq_sonja
D:11:     layout_irregular_city, orc_0_dummy, serial_shops, shop,
          serial_park_tiny_1, guppyfry_shop_earth, uniq_snorg, uniq_erica
Abyss:1:  base:
D:1

Skill      XL: |  1  2  3  4  5  6  7  8  9 10 11 |
---------------+----------------------------------+-----
Unarmed Combat | 3 4 5 7 9 10 11 12 | 12.4
Fighting       | 3 4 5 6 7 |  7.9
Shields        | 3 4 5 6 7 |  7.9
Invocations    | 2 3 |  3.5
Evocations     | 2 3 |  3.1
Dodging        | |  2.4

Action                   |  1- 3 |  4- 6 |  7- 9 | 10-12 || total
-------------------------+-------+-------+-------+-------++-------
Melee: Unarmed           |    92 |   164 |   268 |   236 ||   760
 Fire: Hunting sling     |     2 |       |       |       ||     2
Throw: Boomerang         |       |       |       |     1 ||     1
       Throwing net      |       |       |       |     2 ||     2
Invok: Heroism           |       |       |     3 |    10 ||    13
       Finesse           |       |       |       |     2 ||     2
 Abil: Evoke Berserk Rag |       |       |       |     1 ||     1
Evoke: Wand              |       |       |       |     2 ||     2
  Use: Scroll            |       |       |     5 |    20 ||    25
       Potion            |       |       |       |     5 ||     5
  Eat: Chunk             |    14 |    11 |    25 |    18 ||    68
Armor: Robe              |    38 |    67 |    60 |       ||   165
       Steam dragon scal |       |       |    18 |    90 ||   108
Dodge: Dodged            |    47 |    42 |    96 |    80 ||   265
Block: Kite shield       |    50 |    67 |   134 |   128 ||   379

Table legend:
 A = Non-vault XP
 B = Vault XP
 C = Vault XP percentage of total XP
 D = Non-vault monster count
 E = Vault monster count
 F = Vault count percentage of total count
                 A         B        C        D         E       F
            +---------+---------+-------+---------+---------+-------
      Total |   12069 |    5824 |  32.5 |     226 |      45 |  16.6
            +---------+---------+-------+---------+---------+-------
        D:1 |      36 |       0 |   0.0 |      17 |       0 |   0.0
        D:2 |     116 |      14 |  10.8 |      27 |       7 |  20.6
        D:3 |     155 |       0 |   0.0 |      32 |       0 |   0.0
        D:4 |     738 |     155 |  17.4 |      30 |       8 |  21.1
        D:5 |     644 |     202 |  23.9 |      21 |       1 |   4.5
        D:6 |     527 |      41 |   7.2 |      17 |       1 |   5.6
        D:7 |     940 |    1023 |  52.1 |      21 |       1 |   4.5
        D:8 |    1670 |    1522 |  47.7 |      33 |      15 |  31.2
        D:9 |     878 |    2867 |  76.6 |       6 |      12 |  66.7
       D:10 |    1538 |       0 |   0.0 |      12 |       0 |   0.0
       D:11 |      82 |       0 |   0.0 |       2 |       0 |   0.0
    Abyss:2 |    4745 |       0 |   0.0 |       8 |       0 |   0.0
            +---------+---------+-------+---------+---------+-------
